 Dungeon Crawl Stone Soup version 0.17-a0-1945-gfe993df (webtiles) character file.

98 Ordine the Skirmisher (level 4, -1/33 HPs)
             Began as an Octopode Fighter on Oct 1, 2015.
             Slain by a worm (9 damage)
             ... on level 2 of the Dungeon.
             The game lasted 00:05:03 (1656 turns).

Ordine the Skirmisher (Octopode Fighter)            Turns: 1656, Time: 00:05:03

Health: -1/33      AC:  1    Str: 15    XL:     4   Next: 69%
Magic:  4/4        EV: 10    Int: 10    God:
Gold:   91         SH:  8    Dex: 12    Spells: 0 memorised, 3 levels left

rFire  . . .     SeeInvis .     l - -2 dagger (curse)
rCold  . . .     Clarity  .     b - +0 shield
rNeg   . . .     SustAt   +     (helmet restricted)
rPois  .         Gourm    .     (no amulet)
rElec  .         Spirit   .     e - ring of sustain attributes
rCorr  .         Warding  .     i - ring of teleportation (curse)
rMut   .         Rnd*Tele +     (no ring)
MR     .....                    (no ring)
Stlth  ++........               (no ring)
                                (no ring)
                                (no ring)
                                (no ring)

@: not resistant to hostile enchantments, unstealthy
A: almost no armour, amphibious, 8 rings, constrict 8, camouflage 1, gelatinous
body 1
a: Evoke Teleportation


You were on level 2 of the Dungeon.
You were hungry.

You visited 1 branch of the dungeon, and saw 2 of its levels.

You collected 91 gold pieces.

Inventory:

Hand weapons
 a - a +0 long sword
 l - a cursed -2 dagger (weapon)
Armour
 b - a +0 shield (worn)
Jewellery
 e - a ring of sustain attributes (left tentacle)
 i - a cursed ring of teleportation (right tentacle)
Magical devices
 k - a wand of fireball (6)
Scrolls
 j - a scroll of blinking
Potions
 c - 3 potions of might
Comestibles
 d - a bread ration
 f - a beef jerky
 g - a meat ration
 h - a slice of pizza


   Skills:
 + Level 4.2 Fighting
 + Level 3.6 Long Blades
 - Level 3.0 Dodging
 - Level 3.0 Shields


You had 3 spell levels left.
You didn't know any spells.

Dungeon Overview and Level Annotations

Branches:
Dungeon (2/15)

Altars:


Innate Abilities, Weirdness & Mutations

You cannot wear most types of armour.
You are amphibious.
You can wear up to eight rings at the same time.
You can use your tentacles to constrict eight enemies at once.
Your skin changes colour to match your surroundings (Stealth).
Your rubbery body absorbs attacks (AC +1).


Message History

The worm is moderately wounded.
The worm bites you!
* * * LOW HITPOINT WARNING * * *
You are too injured to fight recklessly!
You are too injured to fight recklessly!
You are too injured to fight recklessly!
You are feeling hungry.
You hit the worm but do no damage. Your grab misses the worm.
Your squeeze misses the worm.
The worm is lightly wounded.
You hit the worm but do no damage. You grab the worm.
The worm is lightly wounded.
You constrict the worm. The worm closely misses you.
You hit the worm but do no damage.
The worm is lightly wounded.
You constrict the worm. You hit the worm.
The worm is heavily wounded.
You constrict the worm. The worm bites you!
You die...

#.†...... #.# #
#######.. #.#.
#.. ##.#.
########.. #...
.......... #..#
.......... #..#
#########.
#w.### #.
#@...# #.
#..#.#
########.
#....#
#........
#.#.##
#.######. #.#.#
#.# #.
#.#.######.####
#.
#.#...........#
#.
#.########.##.#
#. #.#
#.##.####


You could see a worm.

Vanquished Creatures
  3 gnolls (D:2)
  An adder (D:2)
  An ooze (D:2)
  2 worms (D:2)
  2 giant geckos (D:2)
  4 bats
  2 giant cockroaches
  8 hobgoblins
  8 jackals
  6 giant newts
  4 goblins
  8 rats
49 creatures vanquished.

Notes
Turn   | Place    | Note
--------------------------------------------------------------
     0 | D:1      | Ordine the Octopode Fighter began the quest for the Orb.
     0 | D:1      | Reached XP level 1. HP: 16/16 MP: 1/1
    87 | D:1      | Reached XP level 2. HP: 6/21 MP: 2/2
   662 | D:1      | Reached XP level 3. HP: 26/26 MP: 3/3
  1357 | D:2      | Reached skill level 4 in Fighting
  1357 | D:2      | Reached XP level 4. HP: 25/33 MP: 4/4
  1656 | D:2      | Slain by a worm

Vault maps used:
D:1:      dpeg_arrival_boxorama, serial_park_tiny_2
D:2:      uniq_terence

Action                   |  1- 3 |  4- 6 || total
-------------------------+-------+-------++-------
Melee: Long sword        |    93 |     6 ||    99
       Dagger            |       |    17 ||    17
  Use: Scroll            |     3 |     1 ||     4
 Stab: Sleeping          |     5 |     2 ||     7
       Distracted        |     1 |       ||     1
  Eat: Chunk             |     1 |     1 ||     2
